 Dungeon Crawl Stone Soup version 0.28-a0-1510-gd0f6b136d3 (webtiles) character file.

Game seed: 1736517054155282202

65 croobank the Caller (level 4, 0/27 HPs)
             Began as an Octopode Summoner on Jan 15, 2022.
             Slain by a goblin (1 damage)
             ... on level 2 of the Dungeon.
             The game lasted 00:07:21 (1822 turns).

croobank the Caller (Octopode Summoner)             Turns: 1822, Time: 00:07:21

Health: 0/27       AC:  1    Str:  9    XL:     4   Next: 13%
Magic:  4/7        EV: 13    Int: 17    God:
Gold:   68         SH:  0    Dex: 12    Spells: 2/8 levels left

rFire   . . .      SeeInvis .   a - +0 whip
rCold   . . .      Faith    .   (no shield)
rNeg    . . .      Spirit   .   (helmet restricted)
rPois   .          Reflect  .   (no amulet)
rElec   .          Harm     .   (no ring)
rCorr   .          Rampage  .   (no ring)
Will    .....                   (no ring)
Stlth   +++.......              (no ring)
HPRegen 0.09/turn               (no ring)
MPRegen 0.10/turn               (no ring)
                                (no ring)
                                (no ring)

@: no status effects
A: almost no armour, amphibious, 8 rings, camouflage 1, gelatinous body 1,
(nimble swimmer 1), tentacles
a: no special abilities


You were on level 2 of the Dungeon.
You visited 1 branch of the dungeon, and saw 3 of its levels.

You collected 68 gold pieces.

Inventory:

Hand Weapons
 a - a +0 whip (weapon)
 b - a +0 hunting sling
 e - a +0 dagger
Missiles
 d - 32 stones
 j - 14 arrows
Scrolls
 c - a scroll of teleportation {unknown}
 g - a scroll of amnesia {unknown}
Potions
 f - a potion of curing {unknown}
 h - a potion of haste {unknown}
 i - a potion of magic {unknown}


   Skills:
 + Level 2.6 Dodging
 + Level 3.8 Stealth
 + Level 2.5 Spellcasting
 + Level 4.4 Summonings


You had 2 spell levels left.
You knew the following spells:

 Your Spells              Type           Power      Damage    Failure   Level
a - Summon Small Mammal   Summ           68%        N/A       3%          1
b - Call Imp              Summ           17%        N/A       4%          2
c - Call Canine Familiar  Summ           17%        N/A       9%          3

Your spell library contained the following spells:

 Spells                   Type           Power      Damage    Failure   Level
 Corpse Rot               Necr/Air       4%         N/A       28%         2
 Poisonous Vapours        Pois/Air       4%         N/A       28%         2
 Summon Guardian Golem    Hex/Summ       9%         N/A       22%         3
 Summon Lightning Spire   Summ/Air       9%         N/A       58%         4


Dungeon Overview and Level Annotations

Branches:
Dungeon (3/15)

Altars:
Wu Jian

Shops:
D:1 *


Innate Abilities, Weirdness & Mutations

You cannot wear most types of armour.
You are amphibious.
You can wear up to eight rings at the same time.
Your skin changes colour to match your surroundings (Stealth+).
Your rubbery body absorbs attacks. (AC +1, EV +1)
((You are camouflaged when in or above water. (Stealth+)))
You have tentacles for arms and can constrict up to eight enemies at once.


Message History

A giant cockroach comes into view.
Found a book of Vapours.
You see here 13 gold pieces.
You now have 68 gold pieces (gained 13).
The giant cockroach closely misses you.
You hit the giant cockroach but do no damage.
You grab the giant cockroach. You constrict the giant cockroach.
The giant cockroach closely misses you. The giant cockroach bites you.
You barely miss the giant cockroach.
The giant cockroach is moderately wounded.
You constrict the giant cockroach. The giant cockroach closely misses you.
You hit the giant cockroach. You squeeze the giant cockroach.
You kill the giant cockroach!
A goblin comes into view. It is wielding a +1 dagger of flaming.
The goblin unwields a +1 dagger of flaming.
It stops flaming.
The goblin wields a +0 hunting sling.
The goblin shoots a stone.
The stone misses you.
The goblin shoots a stone.
The stone hits you.
The goblin shoots a stone.
The stone hits you.
The goblin shoots a stone.
The stone hits you.
You see here a book of Vapours.
You pick up a book of Vapours and begin reading...
You add the spells Poisonous Vapours and Corpse Rot to your library.
The goblin shoots a stone.
The stone hits you.
The goblin shoots a stone.
The stone misses you.
The goblin shoots a stone.
The stone misses you.
The goblin unwields a +0 hunting sling.
The goblin wields a +1 dagger of flaming.
It bursts into flame!
The goblin hits you with a +1 dagger of flaming.
* * * LOW HITPOINT WARNING * * *
The goblin burns you.
* * * LOW HITPOINT WARNING * * *
Casting: Call Canine Familiar (quite dangerous; 9% risk of failure)
Confirm with . or Enter, or press ? or * to list all spells.
The spell is quite dangerous to miscast (9% risk of failure)!
Continue anyway?
The goblin hits you with a +1 dagger of flaming.
* * * LOW HITPOINT WARNING * * *
The goblin burns you.
You die...

.# ######### #####.# .
........# #.....#.#
#####.###############........
.........†..........'........
#####.###############†...##..
#.# #.....#####........ ###
#.# ##....hg....####.... ..
).. .......@............ ##
### ##..........###..... .#
#####......# ... .# #......#
.# ######## .# ##### ....#
###.###


You could see a goblin (ally target) and a friendly hound (summoned).

Vanquished Creatures
  2 adders
  A worm (D:2)
  A dart slug (D:2)
  A bat (D:2)
  3 endoplasms
  3 giant cockroaches
  4 goblins (D:1)
  2 hobgoblins (D:1)
  4 jackals (D:1)
  3 quokkas (D:1)
  2 ball pythons (D:1)
  3 frilled lizards
  2 kobolds
  4 rats
35 creatures vanquished.

Vanquished Creatures (collateral kills)
  A quokka (D:2)
  2 goblins (D:1)
  2 rats (D:1)
5 creatures vanquished.

Vanquished Creatures (others)
  A fungus (D:3)
1 creature vanquished.

Grand Total: 41 creatures vanquished

Notes
Turn   | Place    | Note
-------+----------+-------------------------------------------
     0 | D:1      | croobank the Octopode Summoner began the quest for the Orb.
     0 | D:1      | Reached XP level 1. HP: 11/11 MP: 3/3
   453 | D:1      | Found a faded altar of an unknown god.
   457 | D:1      | Reached XP level 2. HP: 17/17 MP: 5/5
   463 | D:1      | Learned a level 2 spell: Call Imp
  1185 | D:1      | Reached XP level 3. HP: 20/21 MP: 3/6
  1327 | D:1      | Found Leos's General Store.
  1460 | D:2      | Learned a level 3 spell: Call Canine Familiar
  1464 | D:2      | You fall into a shaft and drop 1 floor!
  1464 | D:3      | Found an ornate altar of the Wu Jian Council.
  1562 | D:2      | Reached XP level 4. HP: 19/27 MP: 5/7
  1822 | D:2      | HP: 1/27 [goblin (5)]
  1822 | D:2      | Slain by a goblin

Illustrated notes

Levels and vault maps discovered:
D:1:      dpeg_arrival_simpleton_b, layout_loops_ring, basic_ecumenical_altar,
          serial_shops, shop, minmay_misc_feat_diagonals,
          minmay_tree_intersection
D:2:      layout_basic, minmay_distorted
D:3:      layout_loops_ring, mainiacjoe_overflow_concentric_impassable,
          uniq_jessica, uniq_crazy_yiuf_cottage

Skill      XL: |  1 |
---------------+----+-----
Stealth        | 3 |  3.8
Dodging        | |  2.6
Spellcasting   | |  2.5
Summonings     | |  4.4

Action                   |  1- 3 |  4- 6 || total
-------------------------+-------+-------++-------
Melee: Dagger            |     9 |       ||     9
       Constrict         |    20 |     3 ||    23
       Tentacles         |    15 |     4 ||    19
       Whip              |    65 |     9 ||    74
       Unarmed           |     1 |       ||     1
       Punch             |     2 |       ||     2
 Cast: Summon Small Mamm |     8 |       ||     8
       Call Imp          |     4 |       ||     4
       Call Canine Famil |     2 |     1 ||     3
 Stab: Sleeping          |    15 |     1 ||    16
Armor: Skin              |     5 |     1 ||     6
Dodge: Dodged            |    41 |     9 ||    50

Table legend: (Time is in decaauts)
 A = Elapsed time spent in this place.
 B = Non-inter-level travel time spent in this place.
 C = Inter-level travel time spent in this place.
 D = Time resting spent in this place.
 E = Time spent auto-exploring this place.
 F = Levels seen in this place.
 G = Mean time per level.
                   A        B        C        D        E       F      G
               +--------+--------+--------+--------+--------+-----+--------+
         Total |   1828 |   1798 |     30 |    347 |   1047 |   3 |  609.3 |
       Dungeon |   1828 |   1798 |     30 |    347 |   1047 |   3 |  609.3 |
               +--------+--------+--------+--------+--------+-----+--------+

Top non-repeatable levels by time:
     D:1: 1452 daAuts
     D:2: 354 daAuts
     D:3: 21 daAuts
